Map: Blackpink LE

Players

IlIlIlIlIlIl - Winner!

  • Race: Protoss Protoss
  • Spawn Location: 7:00

Harstem

  • Race: Protoss Protoss
  • League: Master
  • Spawn Location: 1:00

VOD

Have the link to the VOD?

Description

Time

  • Played on: Nov. 19, 2017, 5:31 a.m.
  • Length: 8:11
Show
View Real Time Build Order
Export as new Build Order

IlIlIlIlIlIl Protoss - Winner!

Build Orders: Phoenix Opening, Zealot Archon 

Get SALT Encoding   

  12  0:00  Probe  
  13  0:12  Probe  
  14  0:17  Pylon  
  14  0:25  Probe (Chrono Boost)  
  15  0:37  Probe (Chrono Boost)  
  15  0:38  Gateway  
  17  0:45  Probe (Chrono Boost)  
  17  0:46  Assimilator  
  17  0:51  Probe  
  17  0:57  Assimilator  
  18  1:03  Probe (Chrono Boost)  
  19  1:09  Gateway  
  19  1:15  Probe (Chrono Boost)  
  20  1:21  Probe (Chrono Boost)  
  20  1:25  Cybernetics Core  
  21  1:29  Probe  
  22  1:35  Pylon  
  22  1:41  Probe  
  23  1:53  Probe  
  24  2:01  Sentry, Stalker  
  28  2:02  Warp Gate (Chrono Boost)  
  28  2:12  Pylon  
  28  2:27  Stalker  
  30  2:31  Stalker  
  32  2:46  Nexus  
  32  2:50  Probe  
  33  3:01  Sentry  
  33  3:02  Shield Battery, Probe  
  36  3:07  Phoenix  
  36  3:13  Robotics Facility  
  36  3:16  Probe  
  37  3:23  Shield Battery  
  37  3:28  Probe  
  38  3:36  Pylon  
  38  3:40  Probe  
  39  3:54  Probe (Chrono Boost)  
  40  4:01  Observer  
  40  4:02  Probe (Chrono Boost)  
  42  4:03  Forge  
  42  4:06  Probe (Chrono Boost)  
  42  4:08  Phoenix  
  42  4:09  Sentry  
  45  4:14  Probe (Chrono Boost)  
  45  4:16  Probe x2 (Chrono Boost)  
  48  4:22  Warp Prism, Probe (Chrono Boost)  
  51  4:28  Probe (Chrono Boost)  
  52  4:32  Pylon  
  52  4:36  Protoss Ground Weapons Level 1 (Chrono Boost)  
  54  4:39  Assimilator  
  54  4:40  Probe x2 (Chrono Boost)  
  54  4:42  Probe, Assimilator  
  54  4:44  Probe  
  56  4:51  Twilight Council  
  56  4:55  Phoenix, Probe  
  56  4:56  Probe  
  58  5:04  Immortal  
  63  5:07  Probe  
  63  5:12  Adept x2  
  67  5:15  Pylon  
  67  5:26  Gateway  
  67  5:27  Charge  
  67  5:28  Gateway  
  67  5:31  Probe  
  68  5:38  Phoenix  
  68  5:39  Templar Archives  
  68  5:43  Gateway  
  68  5:54  Immortal  
  72  6:02  Gateway x2  
  72  6:13  Gateway  
  72  6:17  Phoenix  
  72  6:22  Pylon  
  72  6:23  Protoss Ground Weapons Level 2 (Chrono Boost)  
  72  6:26  High Templar x2  
  72  6:32  Nexus  
  76  6:35  Pylon, Archon  
  76  6:40  High Templar  
  76  6:41  High Templar  
  80  6:47  Archon  
  80  6:51  Shield Battery  
  80  6:53  Pylon  
  80  7:04  Zealot x5  
  90  7:09  Pylon  
  90  7:23  Stalker  
  90  7:24  High Templar x2  
  90  7:25  Zealot x3  
  90  7:28  Archon  
  102  7:30  Zealot x2  
  102  7:32  Probe x2  
  108  7:39  Pylon  
  108  7:41  Pylon  
  108  7:51  High Templar x2  
  112  7:52  Zealot x4  
  112  7:56  Archon  
  112  7:57  Zealot  
  122  7:59  Zealot  
Show
View Real Time Build Order
Export as new Build Order

Harstem Protoss 

Build Orders: Zealot Archon 

Get SALT Encoding   

  12  0:00  Probe (Chrono Boost)  
  13  0:12  Probe (Chrono Boost)  
  14  0:17  Pylon  
  14  0:21  Probe  
  15  0:35  Probe  
  16  0:38  Gateway  
  16  0:47  Probe  
  16  0:48  Assimilator  
  17  0:59  Probe  
  17  1:00  Assimilator  
  19  1:11  Probe  
  19  1:14  Gateway  
  19  1:23  Probe  
  20  1:26  Cybernetics Core  
  20  1:35  Probe  
  20  1:38  Pylon  
  21  1:47  Probe  
  22  1:59  Probe  
  23  2:02  Stalker  
  23  2:03  Warp Gate (Chrono Boost), Stalker  
  27  2:20  Pylon  
  27  2:32  Stalker  
  27  2:35  Stalker  
  31  2:49  Nexus  
  31  3:02  Probe  
  31  3:03  Sentry  
  34  3:11  Robotics Facility  
  34  3:14  Probe  
  34  3:19  Shield Battery  
  35  3:22  Sentry  
  35  3:26  Probe (Chrono Boost)  
  38  3:31  Shield Battery  
  38  3:38  Probe (Chrono Boost)  
  39  3:48  Twilight Council  
  39  3:53  Probe (Chrono Boost)  
  39  4:01  Observer  
  42  4:07  Probe (Chrono Boost)  
  42  4:08  Probe (Chrono Boost)  
  44  4:12  Probe x2 (Chrono Boost)  
  44  4:16  Probe (Chrono Boost)  
  45  4:17  Forge  
  47  4:26  Probe x2 (Chrono Boost)  
  47  4:29  Charge  
  47  4:31  Probe  
  48  4:32  Probe  
  49  4:41  Pylon  
  49  4:43  Probe  
  51  4:45  Probe  
  51  4:50  Phoenix  
  51  4:51  Protoss Ground Weapons Level 1  
  51  4:52  Pylon  
  51  4:55  Probe  
  51  4:56  Assimilator  
  51  4:59  Assimilator  
  52  5:00  Immortal (Chrono Boost)  
  52  5:06  Pylon  
  56  5:07  Probe  
  56  5:08  Probe  
  58  5:19  Probe  
  58  5:20  Probe  
  64  5:29  Immortal (Chrono Boost)  
  64  5:31  Probe  
  64  5:32  Probe  
  66  5:39  Gateway  
  66  5:42  Gateway  
  66  5:47  Probe  
  65  5:51  Probe  
  63  5:58  Warp Prism (Chrono Boost)  
  63  5:59  Shield Battery, Probe  
  63  6:03  Probe  
  67  6:08  Pylon  
  68  6:11  Gateway, Probe  
  68  6:15  Templar Archives, Probe  
  69  6:23  Probe  
  69  6:24  Immortal (Chrono Boost)  
  74  6:30  Pylon  
  74  6:44  Gateway  
  74  6:47  Nexus  
  74  6:48  Gateway  
  74  7:00  Gateway, High Templar x2  
  78  7:01  Phoenix  
  78  7:08  Archon  
  78  7:10  High Templar  
  78  7:11  High Templar  
  78  7:14  Pylon  
  78  7:15  Archon  
  82  7:17  Pylon  
  82  7:22  Probe  
  83  7:24  Pylon  
  83  7:26  Probe  
  74  7:34  Shield Battery, Probe  
  74  7:35  High Templar x2  
  74  7:36  Shield Battery, Zealot  
  81  7:41  Archon  
  81  7:44  Probe  
  81  7:45  Pylon  
  87  7:58  High Templar x2  
  90  7:59  Zealot x3  
  90  8:01  Zealot  
Tags
 
Add a new tag
Caveats
  • Supply blocks, unpowered buildings, or Contaminate may cause inaccurate times.
  • Supply counts are checked every 10 seconds.